 Dungeon Crawl Stone Soup version 0.23.2-11-gf996548c65 (webtiles) character file.

Game seed: 478735155067166267

141 MalarOregon the Digger (level 5, -1/36 (38) HPs)
             Began as a Ghoul Earth Elementalist on June 4, 2019.
             Killed from afar by Natasha (12 damage)
             ... with a magic dart
             ... on level 3 of the Dungeon.
             The game lasted 00:05:47 (2891 turns).

MalarOregon the Digger (Ghoul Earth Elementalist)   Turns: 2891, Time: 00:05:48

HP:   -1/36 (38)    AC:  3    Str: 12    XL:     5   Next: 24%
MP:   6/7           EV: 12    Int: 11    God:
Gold: 125           SH:  0    Dex:  9    Spells: 8/9 levels left

rFire    . . .     SeeInvis .   l - +3 whip
rCold    + . .     Gourm    .   (no shield)
rNeg     + + +     Faith    .   c - +0 robe
rPois    ∞         Spirit   .   f - +0 helmet
rElec    .         Reflect  .   (no cloak)
rCorr    .         Harm     .   (no gloves)
MR       .....                  (no boots)
Stlth    ++........             (no amulet)
HPRegen  0.00/turn              (no ring)
MPRegen  0.10/turn              (no ring)

@: rotting
A: rotting body, claws 1, carnivore, cold resistance 1, negative energy
resistance 3, inhibited regeneration, torment resistance, unbreathing
a: no special abilities


You were on level 3 of the Dungeon.
You were not hungry.

You visited 1 branch of the dungeon, and saw 3 of its levels.

You collected 125 gold pieces.

Inventory:

Hand Weapons
 l - a +3 whip (weapon)
   (You found it on level 2 of the Dungeon)
Missiles
 b - 103 stones (quivered)
Armour
 c - a +0 robe (worn)
 f - a +0 helmet (worn)
   (You found it on level 1 of the Dungeon)
 j - a cursed -2 large shield
   (You found it on level 2 of the Dungeon)
Scrolls
 q - a scroll of teleportation {@r4}
Potions
 a - 2 potions of curing {@q1}
 d - a potion of invisibility
 k - a potion of flight
 n - 2 potions of heal wounds {@q2}
 o - a potion of brilliance
Comestibles
 e - 6 rations {!d}


   Skills:
 + Level 2.8 Dodging
 + Level 3.6 Stealth
 + Level 2.6 Spellcasting
   Level 0.8 Transmutations
 + Level 4.2 Earth Magic


You had 8 spell levels left.
You knew the following spells:

 Your Spells              Type           Power        Failure   Level  Hunger
a - Sandblast             Erth           ##....       4%          1    ##.....

Your spell library contained the following spells:

 Spells                   Type           Power        Failure   Level  Hunger
 Passwall                 Tmut/Erth      #.......     14%         2    ###....
 Confusing Touch          Hex            #.....       28%         1    ##.....
 Stone Arrow              Conj/Erth      #.....       34%         3    ####...
 Confuse                  Hex            #.......     63%         3    ####...
 Gell's Gravitas          Tloc           #.........   63%         3    ####...
 Petrify                  Tmut/Erth      #.......     67%         4    #####..
 Lee's Rapid Deconstruct  Erth           ##........   80%         5    ######.
 Yara's Violent Unravell  Hex/Tmut       #.........   99%         5    ######.
 Metabolic Englaciation   Hex/Ice        #.........   100%        5    ######.


Dungeon Overview and Level Annotations

Branches:
Dungeon (3/15)

Altars:
Uskayaw

Annotations:
D:3 3 runed translucent doors, Natasha


Innate Abilities, Weirdness & Mutations

Your body is rotting away.
You thrive on raw meat.
You are immune to poison.
You have sharp fingernails.
You are carnivorous and can eat meat at any time.
Your flesh is cold resistant. (rC+)
You are immune to negative energy. (rN+++)
You do not regenerate when monsters are visible.
You are immune to unholy pain and torment.
You can survive without breathing.


Message History

Found 2 potions of curing.
There is a hide-covered altar of Uskayaw here.
e - 5 rations {!d} (gained 1)
a - 2 potions of curing {@q1}
Found 10 gold pieces.
Wield which item (- for none, * to show all)? (? for menu, Esc to quit)
Okay, then.
Drop what? 13/52 slots (_ for help) (? for menu, Esc to quit)
You drop a +0 dagger.
Search for what [Enter for "ego", or ? for help]?
A frilled lizard comes into view.
The frilled lizard hisses angrily.
A frilled lizard is nearby!
You hit the frilled lizard.
You kill the frilled lizard!
Found a scroll labeled XOCVIO GALEPA.
You now have 108 gold pieces (gained 10).
A giant cockroach comes into view.
The helpless giant cockroach fails to defend itself.
You hit the giant cockroach but do no damage.
The giant cockroach misses you. The giant cockroach closely misses you.
You whack the giant cockroach!
You kill the giant cockroach!
Found a ration.
g - a scroll labeled XOCVIO GALEPA
As you read the scroll labeled XOCVIO GALEPA, it crumbles to dust.
You feel aware of your surroundings.
It was a scroll of magic mapping.
e - 6 rations {!d} (gained 1)
Found 17 gold pieces.
You now have 125 gold pieces (gained 17).
Natasha, Servant of Life and Death comes into view.
She is carrying a wand of random effects (12).
Natasha hisses angrily.
Natasha claws you!
You closely miss Natasha. Natasha claws you.
You closely miss Natasha. Natasha claws you.
* * * LOW HITPOINT WARNING * * *
Okay, then.
You hit Natasha but do no damage.
Natasha howls an incantation.
You feel troubled. Natasha claws you.
* * * LOW HITPOINT WARNING * * *
Natasha claws you.
* * * LOW HITPOINT WARNING * * *
Aim: Natasha, carrying a wand of random effects (12)
The blast of sand hits Natasha.
b - 103 stones Natasha casts a spell at you.
The magic dart hits you!
You die...

##.# #..,,,,,,,,**#..... ##.#
##.##******** #.#.## .#.# #...#
#.#.#* .#.# #...# #.#.., .#.#
#...# #.#### ...######
#...######## #.### ........#
#...#.)....# #...##
...####.######...#.####.######.##
##.####.........@..........###.##
#.#............h........#.......
#...##....................##.###
#......######...#.##.#.#.###.# #
##.#.#### #...#........###.###
...#.# #...##.#.##.........
####.# #...##.#......###+++ #.#
#####...##.####..##.[... ###.#
#.......##.......#......


You could see Natasha.

Vanquished Creatures
  Natasha (twice) (D:3)
  3 adders (D:2)
  An ooze (D:2)
  3 worms (D:2)
  4 dart slugs
  2 leopard geckos
  3 giant cockroaches
  8 goblins
  6 hobgoblins
  2 ball pythons
  2 bats
  2 frilled lizards
  A kobold (D:2)
  6 rats
45 creatures vanquished.

Notes
Turn   | Place    | Note
-------+----------+-------------------------------------------
     0 | D:1      | MalarOregon the Ghoul Earth Elementalist began the quest
                  | for the Orb.
     0 | D:1      | Reached XP level 1. HP: 14/14 MP: 2/2
   125 | D:1      | Reached XP level 2. HP: 13/19 MP: 3/3
   584 | D:1      | You fall through a shaft!
   674 | D:2      | Reached XP level 3. HP: 14/26 MP: 0/5
  1450 | D:2      | Reached XP level 4. HP: 30/33 MP: 6/6
  1780 | D:1      | Reached skill level 4 in Earth Magic
  2240 | D:3      | Noticed Natasha
  2249 | D:3      | Killed Natasha
  2393 | D:3      | Found a runed translucent gate.
  2393 | D:3      | Found a runed translucent gate.
  2393 | D:3      | Found a runed translucent gate.
  2527 | D:3      | Noticed Natasha
  2542 | D:3      | Killed Natasha
  2542 | D:3      | Reached XP level 5. HP: 8/37 MP: 7/7
  2774 | D:3      | Found a hide-covered altar of Uskayaw.
  2883 | D:3      | Noticed Natasha
  2891 | D:3      | Killed from afar by Natasha

Skill      XL: |  1  2  3  4 |
---------------+-------------+-----
Dodging        | 2 |  2.8
Spellcasting   | 2 |  2.6
Stealth        | 3 |  3.6
Earth Magic    | 4 |  4.2
Transmutations | |  0.8

Action                   |  1- 3 |  4- 6 || total
-------------------------+-------+-------++-------
Melee: Unarmed           |    63 |       ||    63
       Whip              |    33 |    78 ||   111
 Cast: Sandblast         |     8 |     3 ||    11
  Use: Scroll            |       |    10 ||    10
 Stab: Sleeping          |     3 |     2 ||     5
  Eat: Chunk             |     3 |     6 ||     9
Armor: Robe              |    18 |    15 ||    33
Dodge: Dodged            |    41 |    45 ||    86
